 Dungeon Crawl Stone Soup version 0.16.1-7-g2c6721e (webtiles) character file.

206 nubinia the Chiller (level 5, -1/35 HPs)
             Began as a Merfolk Ice Elementalist on Mar 29, 2015.
             Slain by an orc
             ... wielding a +0 dagger
              (4 damage)
             ... on level 4 of the Dungeon.
             The game lasted 00:21:02 (4497 turns).

nubinia the Chiller (Merfolk Ice Elementalist)      Turns: 4497, Time: 00:21:02

Health: -1/35      AC:  3    Str:  8    XL:     5   Next: 84%
Magic:  16/20      EV: 14    Int: 15    God:
Gold:   164        SH:  0    Dex: 15    Spells: 3 memorised, 5 levels left

rFire  . . .     SeeInvis .     k - +0 short sword
rCold  . . .     Clarity  .     a - +0 robe
rNeg   . . .     SustAb   .     (no shield)
rPois  +         Gourm    .     (no helmet)
rElec  .         Spirit   .     (no cloak)
rCorr  .         Warding  .     (no gloves)
rMut   .         Stasis   .     h - +0 pair of boots
MR     .....                    (no amulet)
Stlth  ++........               s - ring of magical power
                                g - ring of poison resistance

@: about to teleport, not resistant to hostile enchantments, unstealthy
A: change form in water, swift swim
a: no special abilities


You were on level 4 of the Dungeon.
You were not hungry.

You visited 1 branch of the dungeon, and saw 4 of its levels.

You collected 164 gold pieces.

Inventory:

Hand weapons
 k - a +0 short sword (weapon)
Armour
 a - a +0 robe (worn)
 h - a +0 pair of boots (worn)
Jewellery
 g - a ring of poison resistance (left hand)
 r - an uncursed ring of protection from cold
 s - a ring of magical power (right hand)
 v - a cursed -3 ring of slaying {unknown}
Scrolls
 e - a scroll of blinking {unknown}
 j - a scroll of remove curse {unknown}
 p - 4 scrolls of teleportation
 u - a scroll of fear {unknown}
Potions
 d - a potion of restore abilities {unknown}
 f - 2 potions of curing {unknown}
 i - a potion of flight
 l - a potion of agility
 o - a potion of lignification {unknown}
 w - a potion of might {unknown}
 x - a potion of brilliance {unknown}
Books
 b - a book of Frost

   Spells                             Type                      Level
   a - Freeze                         Ice                          1
   b - Throw Frost                    Conjuration/Ice              2
   c - Ozocubu's Armour               Charms/Ice                   3
   d - Throw Icicle                   Conjuration/Ice              4
   e - Summon Ice Beast               Ice/Summoning                4
   f - Condensation Shield            Ice                          4
Comestibles
 c - 3 bread rations
 m - a royal jelly
 n - 2 meat rations
 q - a beef jerky
 t - 6 fruits


   Skills:
 + Level 0.2 Short Blades
 + Level 3.6 Dodging
 + Level 2.7 Stealth
 + Level 3.6 Spellcasting
 + Level 0.7 Conjurations
 + Level 5.1 Ice Magic


You had 5 spell levels left.
You knew the following spells:

 Your Spells              Type           Power        Failure   Level  Hunger
a - Freeze                Ice            ###.         1%          1    None
b - Throw Frost           Conj/Ice       ##....       12%         2    ##.....
c - Ozocubu's Armour      Chrm/Ice       ##......     24%         3    ###....


Dungeon Overview and Level Annotations

Branches:
Dungeon (4/15)
 Temple: D:4-7

Altars:

Shops:
D:4 (

Annotations:
D:3 dxcTest1's ghost, average OpTm


Message History

* * * LOW HITPOINT WARNING * * *
Casting: Freeze
Confirm with . or Enter, or press ? or * to list all spells.
Aiming: Freeze
Press: ? - help, Shift-Dir - straight line, f/p - orc priest
Aim: an orc priest, wielding a trident (almost dead)
You freeze the orc priest.
You kill the orc priest!
Your Ice Magic skill increases to level 5!
The orc closely misses you.
The orc wizard gestures wildly while chanting.
The orc wizard seems to speed up.
The orc wizard mumbles some strange words.
The orc wizard flickers and vanishes!
Deactivating autopickup; reactivate with Ctrl-A.
The orc barely misses you.
Read which item? (? for menu, Esc to quit)
As you read the scroll of teleportation, it crumbles to dust.
You feel strangely unstable. The orc hits you with a dagger.
You die...

#.............# . #
+......##'#####.... . +
#......+........... ..#
#......#.....##.... #.#
+##......#.....# ##.#
.........#......# #...
.........#......+ +...
....?.....o......# #...
...(....)@#.....## #...
........o{#...).# #...
........o'....... #...
.........#.....# ###+####
...#+#####...o.#.........
. ..o.#........(
....#......... ... ..
#......... ....
####+##.....#.........


You could see an orc wizard and 2 orcs.

Vanquished Creatures
  An iguana (D:3)
  An orc priest (D:4)
  2 adders
  A giant mite (D:3)
  5 worms
  2 oozes
  3 orcs
  5 giant cockroaches
  7 goblins
  7 hobgoblins
  11 jackals
  4 kobolds
  3 quokkas
  A ball python (D:1)
  13 bats
  4 giant geckos
  4 giant newts
  A quokka skeleton (D:4)
  9 rats
84 creatures vanquished.

Notes
Turn   | Place    | Note
--------------------------------------------------------------
     0 | D:1      | nubinia, the Merfolk Ice Elementalist, began the quest for the Orb.
     0 | D:1      | Reached XP level 1. HP: 13/13 MP: 3/3
   316 | D:1      | Reached XP level 2. HP: 16/19 MP: 0/4
   743 | D:1      | Learned a level 2 spell: Throw Frost
   875 | D:1      | Reached XP level 3. HP: 20/24 MP: 6/6
   929 | D:1      | Learned a level 3 spell: Ozocubu's Armour
  1688 | D:2      | Reached skill level 4 in Ice Magic
  1962 | D:2      | Reached XP level 4. HP: 30/30 MP: 5/8
  2750 | D:3      | Noticed dxcTest1's ghost (average OpTm)
  3329 | D:3      | Reached XP level 5. HP: 29/35 MP: 11/11
  4425 | D:4      | Found Woffab's Weapon Shop.
  4496 | D:4      | Reached skill level 5 in Ice Magic
  4497 | D:4      | Slain by an orc

Action                   |  1- 3 |  4- 6 || total
-------------------------+-------+-------++-------
Melee: Short sword       |    19 |    14 ||    33
       Unarmed           |     7 |       ||     7
 Cast: Freeze            |    66 |    81 ||   147
       Throw Frost       |     1 |     5 ||     6
       Ozocubu's Armour  |     1 |     1 ||     2
  Use: Scroll            |       |     5 ||     5
       Potion            |       |     1 ||     1
 Stab: Sleeping          |     2 |     1 ||     3
  Eat: Chunk             |     4 |     9 ||    13
